 Dungeon Crawl Stone Soup version 0.32-a0-30-gefbe487952 (webtiles) character file.

Game seed: 16910307180336429420

17 kae the Changeling (level 2, 0/21 HPs)
             Began as a Demonspawn Shapeshifter on Jan 19, 2024.
             Slain by a quokka (4 damage)
             ... on level 1 of the Dungeon.
             The game lasted 00:00:14 (314 turns).

kae the Changeling (Demonspawn Shapeshifter)         Turns: 314, Time: 00:00:15

Health: 0/21       AC:  2    Str: 14    XL:     2   Next: 44%
Magic:  2/2        EV:  9    Int: 10    God:
Gold:   28         SH:  0    Dex: 12    Spells: 1/1 levels left

rFire   . .          .
                       - Unarmed
rCold   . . .        (no shield)
rNeg    . . .        a - +0 animal skin
rPois   .            (helmet currently unavailable)
rElec   .            (cloak currently unavailable)
rCorr   .            (gloves currently unavailable)
SInv    .            (boots currently unavailable)
Will    .....        (no amulet)
Stlth   +            (no ring)
HPRegen 0.23/turn    (no ring)
MPRegen 0.08/turn

%: no passive effects
@: beast-form, constricted
A: beast (slay +1), demonic guardian 1
a: Begin Untransformation


You were on level 1 of the Dungeon.
You were a hulking beast.
You visited 1 branch of the dungeon, and saw 1 of its levels.

You collected 28 gold pieces.


Innate Abilities, Weirdness & Mutations

You are a hulking beast.
Your limbs bulge with bestial killing power. (Slay +1)
A weak demonic guardian rushes to your aid.


   Skills:
 - Level 1.0 Fighting
 - Level 1.7 Dodging
 + Level 3.0 Unarmed Combat
 * Level 3.1 Shapeshifting


You had one spell level left.
You didn't know any spells.
Your spell library was empty.

Inventory:

Missiles
 e - 2 atropa-tipped darts (quivered)
Armour
 a - a +0 animal skin (worn)
Jewellery
 Z - a ring of wizardry
   (You found it on level 1 of the Dungeon)
Talismans
 c - a beast talisman
 d - a flux talisman
Scrolls
 f - a scroll of poison {unknown}
 g - a scroll of revelation {unknown}
 h - a scroll of brand weapon {unknown}
Potions
 b - a potion of lignification {!q}

Dungeon Overview and Level Annotations

Branches:
Dungeon (1/15) Zot: 5687

Altars:

..##. # #...
##.#####...
#.......?.#
#...#..#..#
#...#..#..#####.
#.......S.......
# #..#.#h######
#.#.....r......#
#
#.....5#........
#.
####..##.......#
#.##.
#.#.#........
......
##.##.......#
##.###
#.##.......# #
#.##.......# #.#
#.# ####### #.#


You could see a quokka (ally target), a ball python and a friendly iron imp
(summoned).


Message History

The rat squeaks loudly.
You hit the rat.
You kill the rat!
You now have 28 gold pieces (gained 12).
A dart slug comes into view.
A dart slug is nearby!
Found a stone staircase leading down.
The dart slug bites you. 😕 HP[-3]
You take 3 damage, and now have 18/21 hp.
A dart slug is nearby!
You hit the dart slug. The dart slug launches a dart at you.
The slug dart misses you.
You hit the dart slug.
You kill the dart slug!
Z - a ring of wizardry 😎 HP[+3]
Your hp is fully restored (21).
A goblin comes into view. It is wielding a +0 club.
You hit the goblin.
You kill the goblin!
Your Unarmed Combat skill increases to level 3!
You see here a +0 club.
Key pressed, stopping explore.
No target in view!
No target in view!
A ball python comes into view.
The ball python hisses angrily.
The ball python misses you. The ball python grabs you.
The ball python constricts you.
You hit the ball python. The ball python closely misses you.
The ball python constricts you. 😕 HP[-2]
You take 2 damage, and now have 19/21 hp.
A ball python is nearby!
You hit the ball python.
You kill the ball python!
No target in view!
You see here a ball python corpse.
A quokka and an endoplasm come into view. 😎 HP[+2]
Your hp is fully restored (21).
A quokka comes into view.
A ball python comes into view.
There are monsters nearby!
The helpless endoplasm fails to defend itself.
You hit the endoplasm. The ball python closely misses you.
The ball python grabs you. The ball python constricts you.
The endoplasm closely misses you. 😕 HP[-1]
You take 1 damage, and now have 20/21 hp.
You hit the endoplasm but do no damage. The ball python bites you.
The ball python constricts you. The endoplasm hits you. 😮 HP[-5]
You take 5 damage, and now have 15/21 hp.
MASSIVE DAMAGE!! (PAUSE)
You hit the endoplasm. The ball python barely misses you.
The ball python constricts you. The quokka bites you.
A demonic guardian appears!
The endoplasm closely misses you. 😮 HP[-4]
You take 4 damage, and now have 11/21 hp.
You hit the endoplasm. The ball python bites you.
* * * LOW HITPOINT WARNING * * *
The ball python constricts you.
Unknown command. 😨 HP[-1]
You take 1 damage, and now have 10/21 hp.
You hit the endoplasm.
The ball python bites you but does no damage.
The ball python constricts you.
* * * LOW HITPOINT WARNING * * *
The endoplasm closely misses you.
The quokka bites you but does no damage.
The quokka barely misses you.
Your iron imp misses the quokka.
The ball python closely misses you.
The ball python constricts you. 😨 HP[-1]
You take 1 damage, and now have 9/21 hp.
You hit the endoplasm. The quokka bites you.
* * * LOW HITPOINT WARNING * * *
The endoplasm barely misses you.
The quokka bites you but does no damage.
Your iron imp hits the quokka.
The ball python bites you but does no damage.
The ball python constricts you.
* * * LOW HITPOINT WARNING * * *
😨 HP[-2]
You take 2 damage, and now have 7/21 hp.
Unknown command.
You hit the endoplasm.
You kill the endoplasm!
The quokka bites you.
* * * LOW HITPOINT WARNING * * *
The quokka closely misses you. The ball python barely misses you.
The ball python constricts you.
* * * LOW HITPOINT WARNING * * *
Your iron imp hits the quokka!
The quokka dies!
The quokka bites you.
You die...

Skill      XL: |  1  2 |
---------------+-------+-----
Shapeshifting  | 3 |  3.1
Unarmed Combat | 3 |  3.0
Fighting       | |  1.0
Dodging        | |  1.7

Action                     || total
---------------------------++-------
  Melee: Unarmed           ||    37
   Stab: Sleeping          ||     1
 Armour: Animal skin       ||    19
  Dodge: Dodged            ||    28

Levels and vault maps discovered:
D:1:      scummos_arrival_checkerplants, layout_loops_cross

Notes
Turn   | Place    | Note
-------+----------+-------------------------------------------
     0 | D:1      | kae the Demonspawn Shapeshifter began the quest for the
                  | Orb.
     0 | D:1      | Reached XP level 1. HP: 15/15 MP: 1/1
     0 | D:1      | magus.rc [v1.11.3]
   112 | D:1      | Reached skill level 3 in Shapeshifting
   118 | D:1      | Gained mutation: A weak demonic guardian rushes to your
                  | aid. [demonic ancestry]
   118 | D:1      | Reached XP level 2. HP: 10/21 MP: 2/2
   247 | D:1      | Reached skill level 3 in Unarmed Combat
   314 | D:1      | HP: 5/21 [quokka (2)]
   314 | D:1      | Slain by a quokka

Vanquished Creatures
  A dart slug (D:1)
  4 endoplasms (D:1)
  2 goblins (D:1)
  A quokka (D:1)
  3 ball pythons (D:1)
  A bat (D:1)
  A frilled lizard (D:1)
  A kobold (D:1)
  2 rats (D:1)
16 creatures vanquished.

Vanquished Creatures (collateral kills)
  A quokka (D:1)
1 creature vanquished.

Grand Total: 17 creatures vanquished

Table legend:
 A = Non-vault XP
 B = Vault XP
 C = Vault XP percentage of total XP
 D = Non-vault monster count
 E = Vault monster count
 F = Vault count percentage of total count
                 A         B        C        D         E       F
            +---------+---------+-------+---------+---------+-------
      Total |      29 |       0 |   0.0 |      17 |       0 |   0.0
            +---------+---------+-------+---------+---------+-------
        D:1 |      29 |       0 |   0.0 |      17 |       0 |   0.0
            +---------+---------+-------+---------+---------+-------

Skill      XL: |  1  2 |
---------------+-------+-----
Shapeshifting  | 3 |  3.1
Unarmed Combat | 3 |  3.0
Fighting       | |  1.0
Dodging        | |  1.7

Action                     || total
---------------------------++-------
  Melee: Unarmed           ||    37
   Stab: Sleeping          ||     1
 Armour: Animal skin       ||    19
  Dodge: Dodged            ||    28

Illustrated notes

Table legend:
 A = Kills in this place as a percentage of kills in the entire game.
 B = Kills by you in this place as a percentage of kills by you in the entire game.
 C = Kills by friends in this place as a percentage of kills by friends in the entire game.
 D = Other kills in this place as a percentage of other kills in the entire game.
 E = Experience gained in this place as a percentage of experience gained in the entire game.
 F = Experience gained in this place divided by the number of levels of this place that you have seen.
                   A       B       C       D       E      F
               +-------+-------+-------+-------+-------+----------------------
         Total | 100.0 | 100.0 | 100.0 |   N/A | 100.0 |  29.0
       Dungeon | 100.0 | 100.0 | 100.0 |   N/A | 100.0 |  29.0
               +-------+-------+-------+-------+-------+----------------------

Table legend: (Time is in decaauts)
 A = Elapsed time spent in this place.
 B = Non-inter-level travel time spent in this place.
 C = Inter-level travel time spent in this place.
 D = Time resting spent in this place.
 E = Time spent auto-exploring this place.
 F = Levels seen in this place.
 G = Mean time per level.
                   A        B        C        D        E       F      G
               +--------+--------+--------+--------+--------+-----+--------+
         Total |    311 |    311 |      0 |      0 |    239 |   1 |  311.0 |
       Dungeon |    311 |    311 |      0 |      0 |    239 |   1 |  311.0 |
               +--------+--------+--------+--------+--------+-----+--------+

Top non-repeatable levels by time:
     D:1: 311 daAuts
